 Dungeon Crawl Stone Soup version 0.24.0-13-gcf9b3192b9 (webtiles) character file.

Game seed: 7300256404177748522, levelgen mode: deterministic

160 Delamore the Chopper (level 5, -6/40 HPs)
             Began as a Hill Orc Fighter on Nov 10, 2019.
             Was a Follower of Hepliaklqana.
             Mangled by Delamore's ghost (19 damage)
             ... on level 3 of the Dungeon.
             The game lasted 00:04:08 (1896 turns).

Delamore the Chopper (Hill Orc Fighter)             Turns: 1896, Time: 00:04:08

Health: -6/40      AC:  3    Str: 20    XL:     5   Next: 41%
Magic:  5/5        EV:  7    Int:  8    God:    Hepliaklqana [*.....]
Gold:   70         SH:  9    Dex: 10    Spells: 4/4 levels left

rFire    + . .     SeeInvis .   a - +0 war axe
rCold    + . .     Gourm    .   c - +0 shield
rNeg     . . .     Faith    .   b - +0 scale mail
rPois    +         Spirit   .   (no helmet)
rElec    +         Reflect  .   (no cloak)
rCorr    +         Harm     .   (no gloves)
MR       .....                  (no boots)
Stlth    ..........             (no amulet)
HPRegen  0.13/turn              (no ring)
MPRegen  0.09/turn              (no ring)

@: resistant, hasted, very quick
A: reduced essence, deformed body, high mp 1, sense surroundings 1, evolution 1
a: Recall Ancestor, Ancestor Identity, Renounce Religion


You were on level 3 of the Dungeon.
You worshipped Hepliaklqana.
Hepliaklqana was aware of your devotion.
You were not hungry.

You visited 1 branch of the dungeon, and saw 3 of its levels.

You collected 70 gold pieces.

Inventory:

Hand Weapons
 a - a +0 war axe (weapon)
Missiles
 h - 15 poisoned darts (quivered)
 j - 3 atropa-tipped darts
Armour
 b - a +0 scale mail (worn)
 c - a +0 shield (worn)
Jewellery
 i - a cursed ring of magical power {unknown}
 l - an uncursed ring of positive energy {unknown}
Wands
 s - a wand of disintegration (12)
Scrolls
 g - a scroll of immolation
 n - a scroll of fog {unknown}
 p - a scroll of enchant weapon {unknown}
 q - a scroll of teleportation
 r - a scroll of amnesia
 t - a scroll of fear {unknown}
 v - a scroll of noise {unknown}
Potions
 d - 2 potions of might
 m - a potion of haste
Comestibles
 f - 6 rations
 u - 3 chunks of flesh


   Skills:
 - Level 3.6 Fighting
 + Level 7.2 Axes
 - Level 3.2 Armour
 - Level 3.2 Shields


You had 4 spell levels left.
You didn't know any spells.
Your spell library was empty.

Dungeon Overview and Level Annotations

Branches:
Dungeon (3/15)

Altars:
Hepliaklqana

Annotations:
D:3 Delamore's ghost, amateur HOFi


Innate Abilities, Weirdness & Mutations

Your life essence is reduced to manifest your ancestor. (-10% HP)
Armour fits poorly on your strangely shaped body.
You have an increased reservoir of magic. (+10% MP)
You passively map a small area around you.
You evolve.


Message History

You slash Delamore's ghost!
Delamore's ghost is moderately damaged.
You hit the worm but do no damage.
Delamore's ghost hits you but does no damage.
Delamore's ghost barely misses you. The worm bites you.
* * * LOW HITPOINT WARNING * * *
Delamore's ghost hits Leofsige!
Leofsige is destroyed!
It was a potion of mutation.
You feel extremely strange.
You feel a strange attunement to the structure of the dungeons.
You feel nature experimenting on you.
Don't worry, failures die fast.
Your body twists and deforms.
You feel more energetic.
Autopickup is now off.
It was a potion of haste.
You feel yourself speed up.
It was a potion of curing.
You feel better.
It was a potion of resistance.
You feel protected.
It was a potion of magic.
Magic courses through your body. Delamore's ghost hits you!!
You die...

* #.# * #.#......... ,
..##.# #.####.##... * *
####.# #.# #.##... #.#
#.####.##... * #.#
#........... , , #.#
#.....#.##.. * ##########.#
#.<...#..... ≈≈≈≈≈≈≈#.#.##
#.....###...
≈≈%≈≈≈≈†..@.####.....#...#R
,
≈≈≈≈≈≈≈≈#.W#..........#R###.
#########.w.#.######...# #.
, , #####.# *######## , ** *
#.# #.. ,,, #.# , ##. * #.#
#.. ..# ##. , ** ,* ### #))


You could see Delamore's ghost.

Vanquished Creatures
  2 orc wizards (D:3)
  3 adders
  An ooze (D:1)
  2 worms (D:2)
  2 dart slugs
  2 orcs (D:3)
  5 bats
  4 giant cockroaches
  4 hobgoblins
  7 frilled lizards
  10 goblins
  9 kobolds
  7 rats
58 creatures vanquished.

Vanquished Creatures (collateral kills)
  A river rat (D:3)
  An orc (D:3)
  A ball python (D:3)
3 creatures vanquished.

Vanquished Creatures (others)
  An ancestor (D:3)
1 creature vanquished.

Grand Total: 62 creatures vanquished

Notes
Turn   | Place    | Note
-------+----------+-------------------------------------------
     0 | D:1      | Delamore the Hill Orc Fighter began the quest for the Orb.
     0 | D:1      | Reached XP level 1. HP: 19/19 MP: 1/1
    21 | D:1      | Reached skill level 3 in Axes
   121 | D:1      | Reached XP level 2. HP: 26/26 MP: 2/2
   152 | D:1      | Reached skill level 4 in Axes
   468 | D:1      | Reached XP level 3. HP: 27/31 MP: 3/3
   685 | D:2      | Reached skill level 5 in Axes
  1022 | D:2      | Reached XP level 4. HP: 39/39 MP: 4/4
  1713 | D:3      | Found a faded altar of an unknown god.
  1715 | D:3      | Became a worshipper of Hepliaklqana the Forgotten
  1715 | D:3      | Reached * piety under Hepliaklqana
  1774 | D:3      | Reached skill level 6 in Axes
  1808 | D:3      | Reached XP level 5. HP: 29/40 MP: 5/5
  1813 | D:3      | Reached skill level 7 in Axes
  1870 | D:3      | Found a runed translucent door.
  1877 | D:3      | Noticed Delamore's ghost (amateur HOFi)
  1886 | D:3      | HP: 1/40 [worm (4)]
  1890 | D:3      | Gained mutation: You passively map a small area around you.
                  | [potion of mutation]
  1890 | D:3      | Gained mutation: You evolve. [potion of mutation]
  1890 | D:3      | Gained mutation: Armour fits poorly on your strangely
                  | shaped body. [potion of mutation]
  1890 | D:3      | Gained mutation: You have an increased reservoir of magic.
                  | (+10% MP) [potion of mutation]
  1896 | D:3      | Mangled by Delamore's ghost

Levels and vault maps discovered:
D:1:      lightli_arrival_statue_moat, layout_loops_cross, st_stairs_13,
          minmay_statues_item, minmay_misc_feat_tower
D:2:      layout_basic, first_ration
D:3:      minmay_wonky_spiral, layout_loops_ring,
          chequers_ecumenical_altar_twisty, ebering_ghost_sewer_f,
          cheibrodos_sewer_entry_bend, uniq_natasha, uniq_robin

Skill      XL: |  1  2  3  4  5 |
---------------+----------------+-----
Axes           | 3 4 5 6 7 |  7.2
Fighting       | |  3.6
Armour         | |  3.2
Shields        | |  3.2

Action                   |  1- 3 |  4- 6 || total
-------------------------+-------+-------++-------
Melee: War axe           |    99 |    71 ||   170
  Use: Scroll            |       |     4 ||     4
       Potion            |       |     5 ||     5
  Eat: Chunk             |       |     3 ||     3
Armor: Scale mail        |    38 |    26 ||    64
Dodge: Dodged            |    22 |    23 ||    45
Block: Shield            |    47 |    31 ||    78
